Predators vs Capitals

Created - November 26, 2019 at 19:02

Goals
1 2 3 T
Predators 0 1 2 3
Capitals 0 1 0 1
Shots
1 2 3 T
Predators 7 7 12 26
Capitals 14 15 12 41

1st period

No Goal

Penalties :
Alexander Ovechkin (Nas) for Slashing (Minor) at 1:54, Thomas Vanek (Was) for Holding Stick (Minor) at 2:37, Patrick Marleau (Was) for Hooking (Minor) at 9:47, Brendan Gallagher (Nas) for Holding (Minor) at 13:00

2nd period

1. Capitals , Brent Seabrook 1 (Ryan Getzlaf 3, Jason Pominville 9) at 9:25
2. Predators , Andy Miele 5 (James Van Riemsdyk 5, Alexander Edler 11) at 11:28

Penalties :
Mikko Koivu (Was) for Holding (Minor) at 7:00, Alexander Ovechkin (Nas) for Slashing (Minor) at 12:55, Nik Antropov (Nas) for Roughing (Minor) at 15:36

3rd period

3. Predators , Alexander Ovechkin 6 (Niclas Bergfors 8, Mikael Granlund 11) at 6:57
4. Predators , Andy Miele 6 (Brendan Gallagher 9, Alexander Ovechkin 19) at 19:23 (Empty Net)

Penalties :
Alexander Edler (Nas) for Elbowing (Minor) at 1:38, Niclas Bergfors (Nas) for Hooking (Minor) at 7:16

Goalie Stats

Viktor Fasth (Nas), 40 saves from 41 shots - (0.976), W, 9-3-1, 60:00 minutes
Mike Smith (Was), 23 saves from 25 shots - (0.920), L, 0-2-0, 59:26 minutes

Players Stats for Predators

Player Name              G  A  P  +/- PIM S  H  SB GA TA FO     MP     PP MP  PK MP  
------------------------------------------------------------------------------------
Adam Burish              0  0  0   0  0   0  2  1  0  0  1/3    15:09   0:43   6:14 
Alexander Edler          0  1  1   3  2   3  1  1  0  2  0/0    26:45   2:00   5:30 
Alexander Ovechkin       1  1  2   2  4   6  3  0  2  1  0/2    21:55   2:52   3:01 
Alexander Steen          0  0  0  -1  0   0  0  0  1  0  0/0    14:30   1:49   1:15 
Andy Miele               2  0  2   2  0   2  1  0  0  0  1/5     9:30   0:00   0:00 
Brendan Gallagher        0  1  1   0  2   0  2  2  1  0  0/1    15:21   1:49   2:33 
Byron Bitz               0  0  0   1  0   1  0  0  0  0  0/0     8:50   0:00   0:00 
Dmitri Kalinin           0  0  0  -1  0   0  0  0  0  0  0/0    10:45   0:00   0:00 
James Van Riemsdyk       0  1  1   1  0   1  0  0  1  0  0/1     8:50   0:00   0:00 
John Moore               0  0  0   0  0   1  0  0  1  1  0/0    20:57   2:41   3:47 
Justin Abdelkader        0  0  0   0  0   3  0  1  0  0  3/11   15:27   0:43   6:18 
Mikael Granlund          0  1  1   1  0   2  1  0  1  0  9/28   17:17   2:09   0:07 
Nate Schmidt             0  0  0  -1  0   1  0  2  0  0  0/0    15:16   0:00   3:47 
Niclas Bergfors          0  1  1   1  2   2  1  1  0  1  0/1    17:03   2:09   0:00 
Nik Antropov             0  0  0  -1  2   1  2  0  0  2  7/15   12:21   1:49   0:00 
Ryan Mcdonagh            0  0  0   3  0   0  1  2  0  0  0/0    28:18   2:00   6:51 
Ryan Murray              0  0  0   0  0   0  2  0  0  1  0/0    18:48   2:41   1:21 
Scott Laughton           0  0  0   0  0   3  2  0  0  0  1/5    10:58   0:00   1:48 

Players Stats for Capitals

Player Name              G  A  P  +/- PIM S  H  SB GA TA FO     MP     PP MP  PK MP  
------------------------------------------------------------------------------------
Blake Wheeler            0  0  0   0  0   0  1  2  0  1  2/2    12:35   0:09   0:00 
Brent Seabrook           1  0  1   1  0   3  2  2  1  0  0/0    30:20   6:38   2:37 
Jason Pominville         0  1  1   0  0   8  4  0  0  0  0/0    16:53   4:14   1:23 
Joe Pavelski             0  0  0  -2  0   6  1  0  3  2  1/1    23:28   6:15   2:26 
Joe Thornton             0  0  0  -2  0   4  0  0  0  0  27/41  23:28   6:15   2:26 
Josh Manson              0  0  0  -1  0   0  0  0  0  2  0/0     8:53   0:00   0:00 
Mikko Koivu              0  0  0   0  2   2  0  0  1  0  7/9    12:12   0:09   0:00 
Nick Leddy               0  0  0  -2  0   1  2  0  1  0  0/0    20:47   4:00   2:04 
Olli Maatta              0  0  0  -1  0   0  0  0  0  0  0/0     8:53   0:00   0:00 
Ondrej Palat             0  0  0   0  0   0  1  0  0  0  0/0     7:31   0:00   0:52 
Patrick Marleau          0  0  0   0  2   3  1  0  0  1  0/0    13:13   0:00   0:52 
Patrick Sharp            0  0  0   0  0   1  2  1  0  0  0/0    14:58   4:14   0:00 
Ryan Getzlaf             0  1  1   0  0   5  1  0  0  0  8/13   14:58   4:14   0:00 
Ryan Nugent-Hopkins      0  0  0   0  0   1  0  0  0  0  4/4     6:38   0:00   0:00 
Ryan Suter               0  0  0  -2  0   0  0  0  0  0  0/0    20:47   4:00   2:04 
T.J. Oshie               0  0  0   0  0   3  0  0  1  0  0/0     6:59   0:09   0:00 
Thomas Vanek             0  0  0  -2  2   3  0  0  1  0  1/2    21:07   6:14   1:23 
Victor Hedman            0  0  0   1  0   1  5  1  0  1  0/0    30:20   6:38   2:37 

3 Stars

1 - Viktor Fasth (Nas)
2 - Andy Miele (Nas)
3 - Alexander Ovechkin (Nas)

Power Play

Predators - 0 on 3 Attempt(s) - 0.00%
Capitals - 0 on 6 Attempt(s) - 0.00%

Penalty Kill

Predators - 6 on 6 Attempt(s) - 100.00% - Score 0 goal in Penalty Kill
Capitals - 3 on 3 Attempt(s) - 100.00% - Score 0 goal in Penalty Kill

Team Stat

Predators - Hits : 18 - Faceoff Wins : 22 - Blocked Shots : 10 - Penalty Minutes : 12
Capitals - Hits : 20 - Faceoff Wins : 50 - Blocked Shots : 6 - Penalty Minutes : 6

Official

Referees : Unknown
Linesman : Unknown

Game Notes

Andy Miele has scored in a empty net!

Finance

Level 1 -- Attendance: 6000 (100.00%) -- Ticket Income $612,000
Level 2 -- Attendance: 5000 (100.00%) -- Ticket Income $260,000
Level 3 -- Attendance: 2000 (100.00%) -- Ticket Income $84,000
Level 4 -- Attendance: 4000 (100.00%) -- Ticket Income $104,000
Luxury Box -- Attendance: 803 (80.30%) -- Ticket Income $154,979
Game was played at the Verizon Center.
Total Attendance: 17803 (98.91%)
Total Ticket Income: $1,214,979
Other Income: $182,247
Total Income: $1,397,226

Predators

5 vs 5 Forward 
   Center                   Left Wing                Right Wing               Time % Phy DF OF 
 1 Mikael Granlund          Alexander Ovechkin       Niclas Bergfors          40     1   1  3  
 2 Nik Antropov             Alexander Steen          Brendan Gallagher        30     1   2  2  
 3 Andy Miele               James Van Riemsdyk       Byron Bitz               16     1   2  2  
 4 Scott Laughton           Justin Abdelkader        Adam Burish              14     3   0  2  

5 vs 5 Defense 
   Defense                  Defense                                           Time % Phy DF OF 
 1 Ryan Mcdonagh            Alexander Edler                                   40     1   2  2  
 2 John Moore               Ryan Murray                                       30     1   2  2  
 3 Nate Schmidt             Dmitri Kalinin                                    20     1   2  2  
 4 Ryan Mcdonagh            Alexander Edler                                   10     1   2  2  

PowerPlay Forward 
   Center                   Left Wing                Right Wing               Time % Phy DF OF 
 1 Mikael Granlund          Alexander Ovechkin       Niclas Bergfors          60     1   1  3  
 2 Nik Antropov             Alexander Steen          Brendan Gallagher        40     1   1  3  

PowerPlay Defense
   Defense                  Defense                                           Time % Phy DF OF 
 1 Ryan Mcdonagh            Alexander Edler                                   60     1   1  3  
 2 John Moore               Ryan Murray                                       40     1   1  3  

Penalty Kill 4 Players Forward 
   Center                   Wing                     Time % Phy DF OF 
 1 Justin Abdelkader        Adam Burish              60     1   2  2  
 2 Alexander Ovechkin       Brendan Gallagher        40     1   2  2  

Penalty Kill 4 Players Defense
   Defense                  Defense                  Time % Phy DF OF 
 1 Ryan Mcdonagh            Alexander Edler          60     1   3  1  
 2 John Moore               Nate Schmidt             40     1   3  1  

Penalty Kill - 3 Players Forward 
   Forward                                           Time % Phy DF OF 
 1 Adam Burish                                       60     1   2  2  
 2 Brendan Gallagher                                 40     1   2  2  

Penalty Kill - 3 Players Defense
   Defense                  Defense                  Time % Phy DF OF 
 1 Ryan Mcdonagh            Alexander Edler          60     1   3  1  
 2 John Moore               Nate Schmidt             40     1   3  1  

4 vs 4 Forward 
   Center                   Wing                     Time % Phy DF OF 
 1 Mikael Granlund          Alexander Ovechkin       60     1   2  2  
 2 Andy Miele               Niclas Bergfors          40     1   2  2  

4 vs 4 Defense
   Defense                  Defense                  Time % Phy DF OF 
 1 Ryan Mcdonagh            Alexander Edler          60     1   2  2  
 2 John Moore               Ryan Murray              40     1   2  2  

Last Minutes Offensive
   Center                   Left Wing                Right Wing               Defense                  Defense                  
   Mikael Granlund          Alexander Ovechkin       Brendan Gallagher        Ryan Mcdonagh            Alexander Edler          

Last Minutes Defensive
   Center                   Left Wing                Right Wing               Defense                  Defense                  
   Andy Miele               Alexander Ovechkin       Brendan Gallagher        Ryan Mcdonagh            Alexander Edler          

Goaltenders
Starting : Viktor Fasth             
Backup : Anders Lindback          

Extra Forwards
Normal : Alexander Steen, Justin Abdelkader, Adam Burish - PP : James Van Riemsdyk, Justin Abdelkader - PK : Brendan Gallagher
Extra Defensemen
Normal : Ryan Murray, Nate Schmidt, John Moore - PP : Dmitri Kalinin - PK : Ryan Murray, Dmitri Kalinin
Penalty Shots
Alexander Ovechkin, Niclas Bergfors, James Van Riemsdyk, Mikael Granlund, Alexander Steen

Scratches
Denis Grebeshkov (Healthy), Ryan Kesler (Right Eye Injury)

Capitals

5 vs 5 Forward 
   Center                   Left Wing                Right Wing               Time % Phy DF OF 
 1 Joe Thornton             Thomas Vanek             Joe Pavelski             40     1   2  2  
 2 Ryan Getzlaf             Patrick Sharp            Jason Pominville         30     1   2  2  
 3 Mikko Koivu              Patrick Marleau          Blake Wheeler            20     1   2  2  
 4 Ryan Nugent-Hopkins      Ondrej Palat             T.J. Oshie               10     1   2  2  

5 vs 5 Defense 
   Defense                  Defense                                           Time % Phy DF OF 
 1 Brent Seabrook           Victor Hedman                                     40     1   2  2  
 2 Ryan Suter               Nick Leddy                                        30     1   2  2  
 3 Josh Manson              Olli Maatta                                       20     1   2  2  
 4 Brent Seabrook           Victor Hedman                                     10     1   2  2  

PowerPlay Forward 
   Center                   Left Wing                Right Wing               Time % Phy DF OF 
 1 Joe Thornton             Thomas Vanek             Joe Pavelski             60     1   2  2  
 2 Ryan Getzlaf             Patrick Sharp            Jason Pominville         40     1   2  2  

PowerPlay Defense
   Defense                  Defense                                           Time % Phy DF OF 
 1 Brent Seabrook           Victor Hedman                                     60     1   2  2  
 2 Ryan Suter               Nick Leddy                                        40     1   2  2  

Penalty Kill 4 Players Forward 
   Center                   Wing                     Time % Phy DF OF 
 1 Joe Thornton             Joe Pavelski             60     1   2  2  
 2 Thomas Vanek             Jason Pominville         40     1   2  2  

Penalty Kill 4 Players Defense
   Defense                  Defense                  Time % Phy DF OF 
 1 Brent Seabrook           Victor Hedman            60     1   2  2  
 2 Ryan Suter               Nick Leddy               40     1   2  2  

Penalty Kill - 3 Players Forward 
   Forward                                           Time % Phy DF OF 
 1 Joe Thornton                                      60     1   2  2  
 2 Joe Pavelski                                      40     1   2  2  

Penalty Kill - 3 Players Defense
   Defense                  Defense                  Time % Phy DF OF 
 1 Brent Seabrook           Victor Hedman            60     1   2  2  
 2 Ryan Suter               Nick Leddy               40     1   2  2  

4 vs 4 Forward 
   Center                   Wing                     Time % Phy DF OF 
 1 Joe Thornton             Joe Pavelski             60     1   2  2  
 2 Thomas Vanek             Jason Pominville         40     1   2  2  

4 vs 4 Defense
   Defense                  Defense                  Time % Phy DF OF 
 1 Brent Seabrook           Victor Hedman            60     1   2  2  
 2 Ryan Suter               Nick Leddy               40     1   2  2  

Last Minutes Offensive
   Center                   Left Wing                Right Wing               Defense                  Defense                  
   Joe Thornton             Thomas Vanek             Joe Pavelski             Brent Seabrook           Victor Hedman            

Last Minutes Defensive
   Center                   Left Wing                Right Wing               Defense                  Defense                  
   Joe Thornton             Thomas Vanek             Joe Pavelski             Brent Seabrook           Victor Hedman            

Goaltenders
Starting : Mike Smith               
Backup : Tuukka Rask              

Extra Forwards
Normal : Blake Wheeler, Mikko Koivu, Patrick Marleau - PP : Blake Wheeler, Mikko Koivu - PK : Patrick Marleau
Extra Defensemen
Normal : Josh Manson, Olli Maatta, Ryan Suter - PP : Josh Manson - PK : Olli Maatta, Ryan Suter
Penalty Shots
Joe Thornton, Joe Pavelski, Thomas Vanek, Jason Pominville, Patrick Sharp

Scratches
Justin Faulk (Broken Ribs Injury), Michael Schumacher (Healthy)

% Time on Ice - Predators

Lines # - Real PCT - Wanted PCT - Time Play
Normal Forward
1 - 37% - 40% - 16:03
2 - 24% - 30% - 10:28
3 - 20% - 16% - 8:50
4 - 18% - 14% - 7:45
Normal Defense
1 - 42% - 40% - 18:10
2 - 33% - 30% - 14:26
3 - 23% - 20% - 10:05
4 - 1% - 10% - 0:25
PP Forward
1 - 61% - 60% - 2:52
2 - 39% - 40% - 1:49
PP Defense
1 - 43% - 60% - 2:00
2 - 57% - 40% - 2:41
PK Forward
1 - 71% - 60% - 7:31
2 - 29% - 40% - 3:07
PK Defense
1 - 64% - 60% - 6:51
2 - 36% - 40% - 3:47
PK3 Forward
1 - 0% - 60%
2 - 0% - 40%
PK3 Defense
1 - 0% - 60%
2 - 0% - 40%
44 Forward
1 - 72% - 60% - 0:55
2 - 28% - 40% - 0:21
44 Defense
1 - 43% - 60% - 0:33
2 - 57% - 40% - 0:43
Last Minute Offensive  - 0:00
Last Minute Defensive  - 0:19
Total
Forward - 60:00
Defense - 60:00

% Time on Ice - Capitals

Lines # - Real PCT - Wanted PCT - Time Play
Normal Forward
1 - 32% - 40% - 13:53
2 - 25% - 30% - 10:49
3 - 27% - 20% - 11:47
4 - 15% - 10% - 6:38
Normal Defense
1 - 43% - 40% - 18:36
2 - 33% - 30% - 14:16
3 - 21% - 20% - 8:53
4 - 3% - 10% - 1:22
PP Forward
1 - 60% - 60% - 6:24
2 - 40% - 40% - 4:14
PP Defense
1 - 62% - 60% - 6:38
2 - 38% - 40% - 4:00
PK Forward
1 - 70% - 60% - 3:18
2 - 30% - 40% - 1:23
PK Defense
1 - 56% - 60% - 2:37
2 - 44% - 40% - 2:04
PK3 Forward
1 - 0% - 60%
2 - 0% - 40%
PK3 Defense
1 - 0% - 60%
2 - 0% - 40%
44 Forward
1 - 64% - 60% - 0:49
2 - 36% - 40% - 0:27
44 Defense
1 - 88% - 60% - 1:07
2 - 12% - 40% - 0:09
Last Minute Offensive  - 0:18
Last Minute Defensive  - 0:00
Total
Forward - 60:00
Defense - 60:00

Play-by-Play

1st period


0:01 of 1st period - Mikael Granlund wins face-off versus Joe Thornton in neutral zone.
0:04 of 1st period - Thomas Vanek is hit by Alexander Edler and loses puck.
0:09 of 1st period - Wrist shot by Alexander Ovechkin.
0:09 of 1st period - Stopped by Mike Smith with a rebound.
0:38 of 1st period - Snap shot by Patrick Sharp.
0:38 of 1st period - Shot Misses the Net.
0:54 of 1st period - Icing by Alexander Edler.
0:55 of 1st period - Mikko Koivu wins face-off versus Nik Antropov in Predators zone.
1:04 of 1st period - Snap shot by Alexander Edler.
1:04 of 1st period - Stopped by Mike Smith without a rebound.
1:05 of 1st period - Blake Wheeler wins face-off versus Andy Miele in Capitals zone.
1:05 of 1st period - Blake Wheeler is hit by Ryan Murray.
1:13 of 1st period - Wrist shot by Blake Wheeler.
1:13 of 1st period - Shot Misses the Net.
1:15 of 1st period - Slapshot by Ryan Suter.
1:15 of 1st period - Shot Misses the Net.
1:17 of 1st period - Snap shot by Blake Wheeler.
1:17 of 1st period - Shot Misses the Net.
1:19 of 1st period - Wrist shot by Patrick Marleau.
1:19 of 1st period - Stopped by Viktor Fasth without a rebound.
1:20 of 1st period - Joe Thornton wins face-off versus Scott Laughton in Predators zone.
1:35 of 1st period - Snap shot by Joe Thornton.
1:35 of 1st period - Stopped by Viktor Fasth without a rebound.
1:36 of 1st period - Ryan Nugent-Hopkins wins face-off versus Mikael Granlund in Predators zone.
1:39 of 1st period - Slapshot by Ryan Nugent-Hopkins.
1:39 of 1st period - Stopped by Viktor Fasth without a rebound.
1:40 of 1st period - Ryan Nugent-Hopkins wins face-off versus Mikael Granlund in Predators zone.
1:54 of 1st period - Minor Penalty to Alexander Ovechkin for Slashing.
1:55 of 1st period - Justin Abdelkader wins face-off versus Joe Thornton in Predators zone.
2:03 of 1st period - Wrist shot by Justin Abdelkader.
2:03 of 1st period - Shot Blocked by Victor Hedman.
2:37 of 1st period - Minor Penalty to Thomas Vanek for Holding Stick.
2:38 of 1st period - Joe Thornton wins face-off versus Mikael Granlund in Capitals zone.
3:17 of 1st period - Niclas Bergfors is hit by Victor Hedman and loses puck.
3:40 of 1st period - Ryan Murray is hit by Brent Seabrook and loses puck.
3:54 of 1st period - Penalty to Alexander Ovechkin is over, Alexander Ovechkin is back on ice.
4:37 of 1st period - Penalty to Thomas Vanek is over, Thomas Vanek is back on ice.
4:41 of 1st period - Icing by John Moore.
4:42 of 1st period - Justin Abdelkader wins face-off versus Ryan Getzlaf in Predators zone.
4:53 of 1st period - Wrist shot by Jason Pominville.
4:53 of 1st period - Stopped by Viktor Fasth without a rebound.
4:54 of 1st period - Joe Thornton wins face-off versus Nik Antropov in Predators zone.
5:09 of 1st period - Wrist shot by Joe Pavelski.
5:09 of 1st period - Shot Misses the Net.
5:11 of 1st period - Slapshot by Joe Pavelski.
5:11 of 1st period - Shot Misses the Net.
5:53 of 1st period - Mikael Granlund is hit by Patrick Marleau and loses puck.
6:04 of 1st period - Slapshot by Joe Thornton.
6:04 of 1st period - Shot Blocked by Alexander Edler.
6:28 of 1st period - Wrist shot by T.J. Oshie.
6:28 of 1st period - Stopped by Viktor Fasth without a rebound.
6:29 of 1st period - Ryan Nugent-Hopkins wins face-off versus Andy Miele in Predators zone.
6:32 of 1st period - Slapshot by Brent Seabrook.
6:32 of 1st period - Shot Misses the Net.
6:34 of 1st period - Snap shot by Brent Seabrook.
6:34 of 1st period - Shot Misses the Net.
6:36 of 1st period - Snap shot by Ryan Nugent-Hopkins.
6:36 of 1st period - Shot Misses the Net.
6:38 of 1st period - Slapshot by Victor Hedman.
6:38 of 1st period - Shot Blocked by Nate Schmidt.
6:42 of 1st period - Snap shot by T.J. Oshie.
6:42 of 1st period - Stopped by Viktor Fasth without a rebound.
6:43 of 1st period - Joe Thornton wins face-off versus Mikael Granlund in Predators zone.
7:10 of 1st period - Niclas Bergfors is hit by Blake Wheeler and loses puck.
7:39 of 1st period - Wrist shot by Jason Pominville.
7:39 of 1st period - Stopped by Viktor Fasth with a rebound.
7:59 of 1st period - Wrist shot by Adam Burish.
7:59 of 1st period - Shot Misses the Net.
8:21 of 1st period - Snap shot by Joe Thornton.
8:21 of 1st period - Stopped by Viktor Fasth without a rebound.
8:22 of 1st period - Joe Thornton wins face-off versus Nik Antropov in Predators zone.
8:23 of 1st period - Slapshot by Joe Pavelski.
8:23 of 1st period - Shot Misses the Net.
8:55 of 1st period - Slapshot by Alexander Ovechkin.
8:55 of 1st period - Stopped by Mike Smith with a rebound.
9:47 of 1st period - Minor Penalty to Patrick Marleau for Hooking.
9:48 of 1st period - Nik Antropov wins face-off versus Joe Thornton in Capitals zone.
9:51 of 1st period - Slapshot by Alexander Steen.
9:51 of 1st period - Shot Blocked by Brent Seabrook.
10:16 of 1st period - Off-side.
10:17 of 1st period - Mikael Granlund wins face-off versus Thomas Vanek in neutral zone.
10:20 of 1st period - Jason Pominville is hit by Niclas Bergfors and loses puck.
10:34 of 1st period - Icing by Mikael Granlund.
10:35 of 1st period - Joe Thornton wins face-off versus Mikael Granlund in Predators zone.
10:36 of 1st period - Slapshot by Joe Pavelski.
10:36 of 1st period - Shot Misses the Net.
10:48 of 1st period - Snap shot by Alexander Ovechkin.
10:48 of 1st period - Deflect By Brent Seabrook.
10:48 of 1st period - Stopped by Mike Smith without a rebound.
10:49 of 1st period - Nik Antropov wins face-off versus Joe Thornton in Capitals zone.
10:50 of 1st period - Slapshot by Alexander Edler.
10:50 of 1st period - Stopped by Mike Smith without a rebound.
10:51 of 1st period - Nik Antropov wins face-off versus Joe Thornton in Capitals zone.
11:06 of 1st period - Slapshot by Joe Pavelski.
11:06 of 1st period - Stopped by Viktor Fasth with a rebound.
11:47 of 1st period - Penalty to Patrick Marleau is over, Patrick Marleau is back on ice.
12:20 of 1st period - Wrist shot by Justin Abdelkader.
12:20 of 1st period - Stopped by Mike Smith without a rebound.
12:21 of 1st period - Ryan Getzlaf wins face-off versus Mikael Granlund in Capitals zone.
12:32 of 1st period - Slapshot by Jason Pominville.
12:32 of 1st period - Stopped by Viktor Fasth without a rebound.
12:33 of 1st period - Ryan Getzlaf wins face-off versus Alexander Ovechkin in Predators zone.
12:50 of 1st period - Jason Pominville is hit by Alexander Ovechkin and loses puck.
13:00 of 1st period - Minor Penalty to Brendan Gallagher for Holding.
13:01 of 1st period - Joe Thornton wins face-off versus Justin Abdelkader in Predators zone.
13:03 of 1st period - Wrist shot by Joe Pavelski.
13:03 of 1st period - Shot Blocked by Ryan Mcdonagh.
14:29 of 1st period - Alexander Edler is hit by Jason Pominville and loses puck.
14:57 of 1st period - Alexander Steen is hit by Victor Hedman and loses puck.
15:00 of 1st period - Penalty to Brendan Gallagher is over, Brendan Gallagher is back on ice.
15:22 of 1st period - Slapshot by John Moore.
15:22 of 1st period - Stopped by Mike Smith with a rebound.
15:56 of 1st period - Nick Leddy is hit by Ryan Mcdonagh and loses puck.
16:07 of 1st period - Dmitri Kalinin is hit by Nick Leddy and loses puck.
16:24 of 1st period - Brent Seabrook is hit by Adam Burish and loses puck.
16:49 of 1st period - Thomas Vanek is hit by Brendan Gallagher and loses puck.
17:02 of 1st period - Ryan Mcdonagh is hit by Patrick Sharp and loses puck.
17:30 of 1st period - Icing by Dmitri Kalinin.
17:31 of 1st period - Mikko Koivu wins face-off versus Adam Burish in Predators zone.
17:36 of 1st period - Slapshot by Patrick Marleau.
17:36 of 1st period - Stopped by Viktor Fasth without a rebound.
17:37 of 1st period - Joe Thornton wins face-off versus Nik Antropov in Predators zone.
18:01 of 1st period - Icing by Nate Schmidt.
18:02 of 1st period - Ryan Getzlaf wins face-off versus Mikael Granlund in Predators zone.
18:42 of 1st period - Ryan Suter is hit by Nik Antropov and loses puck.
19:07 of 1st period - Snap shot by Blake Wheeler.
19:07 of 1st period - Shot Hit the Post.
19:41 of 1st period - Snap shot by Jason Pominville.
19:41 of 1st period - Stopped by Viktor Fasth with a rebound.
19:43 of 1st period - Wrist shot by Jason Pominville.
19:43 of 1st period - Shot Misses the Net.
19:45 of 1st period - Wrist shot by Brent Seabrook.
19:45 of 1st period - Stopped by Viktor Fasth with a rebound.
19:47 of 1st period - Slapshot by Victor Hedman.
19:47 of 1st period - Shot Misses the Net.
19:49 of 1st period - Snap shot by Jason Pominville.
19:49 of 1st period - Shot Blocked by Niclas Bergfors.
19:51 of 1st period - Slapshot by Victor Hedman.
19:51 of 1st period - Stopped by Viktor Fasth without a rebound.
19:52 of 1st period - Nik Antropov wins face-off versus Joe Thornton in Predators zone.
Goals for this period are 0 for Predators vs 0 for Capitals.
Shots for this period are 7 for Predators vs 14 for Capitals.

2nd period


0:01 of 2nd period - Mikael Granlund wins face-off versus Joe Thornton in neutral zone.
0:26 of 2nd period - Brendan Gallagher is hit by Brent Seabrook and loses puck.
0:31 of 2nd period - Wrist shot by Ryan Getzlaf.
0:31 of 2nd period - Shot Blocked by Brendan Gallagher.
0:33 of 2nd period - Snap shot by Patrick Sharp.
0:33 of 2nd period - Shot Misses the Net.
0:59 of 2nd period - Wrist shot by Patrick Marleau.
0:59 of 2nd period - Stopped by Viktor Fasth without a rebound.
1:00 of 2nd period - Mikael Granlund wins face-off versus Joe Thornton in Predators zone.
1:00 of 2nd period - Mikael Granlund is hit by Joe Pavelski.
1:30 of 2nd period - Jason Pominville is hit by Brendan Gallagher and loses puck.
2:34 of 2nd period - Icing by Nate Schmidt.
2:35 of 2nd period - Joe Thornton wins face-off versus Mikael Granlund in Predators zone.
3:03 of 2nd period - Slapshot by Niclas Bergfors.
3:03 of 2nd period - Stopped by Mike Smith without a rebound.
3:04 of 2nd period - Ryan Getzlaf wins face-off versus Nik Antropov in Capitals zone.
3:17 of 2nd period - Slapshot by Jason Pominville.
3:17 of 2nd period - Stopped by Viktor Fasth with a rebound.
3:19 of 2nd period - Wrist shot by Ryan Getzlaf.
3:19 of 2nd period - Stopped by Viktor Fasth with a rebound.
3:34 of 2nd period - Snap shot by Scott Laughton.
3:34 of 2nd period - Shot Misses the Net.
3:36 of 2nd period - Snap shot by Nate Schmidt.
3:36 of 2nd period - Deflect By Justin Abdelkader.
3:36 of 2nd period - Shot Misses the Net.
3:36 of 2nd period - Puck is out of play.
3:37 of 2nd period - Joe Pavelski wins face-off versus Mikael Granlund in Capitals zone.
3:48 of 2nd period - Icing by Alexander Ovechkin.
3:49 of 2nd period - Joe Thornton wins face-off versus Mikael Granlund in Predators zone.
4:04 of 2nd period - Backhand shot by Joe Pavelski.
4:04 of 2nd period - Shot Blocked by Nate Schmidt.
5:24 of 2nd period - Snap shot by Joe Thornton.
5:24 of 2nd period - Deflect By Joe Pavelski.
5:24 of 2nd period - Stopped by Viktor Fasth with a rebound.
5:26 of 2nd period - Snap shot by Thomas Vanek.
5:26 of 2nd period - Stopped by Viktor Fasth with a rebound.
5:28 of 2nd period - Slapshot by Joe Pavelski.
5:28 of 2nd period - Stopped by Viktor Fasth without a rebound.
5:29 of 2nd period - Nik Antropov wins face-off versus Ryan Getzlaf in Predators zone.
5:29 of 2nd period - Nik Antropov is hit by Jason Pominville.
5:43 of 2nd period - Wrist shot by Nik Antropov.
5:43 of 2nd period - Stopped by Mike Smith without a rebound.
5:44 of 2nd period - Joe Thornton wins face-off versus Mikael Granlund in Capitals zone.
5:51 of 2nd period - Alexander Ovechkin is hit by Victor Hedman and loses puck.
7:00 of 2nd period - Minor Penalty to Mikko Koivu for Holding.
7:01 of 2nd period - Joe Thornton wins face-off versus Mikael Granlund in Capitals zone.
7:33 of 2nd period - Snap shot by Ryan Mcdonagh.
7:33 of 2nd period - Shot Misses the Net.
7:43 of 2nd period - Thomas Vanek is hit by Nik Antropov and loses puck.
8:24 of 2nd period - Wrist shot by Jason Pominville.
8:24 of 2nd period - Stopped by Viktor Fasth without a rebound.
8:25 of 2nd period - Thomas Vanek wins face-off versus Mikael Granlund in Predators zone.
9:00 of 2nd period - Penalty to Mikko Koivu is over, Mikko Koivu is back on ice.
9:10 of 2nd period - T.J. Oshie is hit by Ryan Murray and loses puck.
9:17 of 2nd period - Slapshot by Ryan Suter.
9:17 of 2nd period - Shot Misses the Net.
9:19 of 2nd period - Wrist shot by Nick Leddy.
9:19 of 2nd period - Deflect By Ryan Murray.
9:19 of 2nd period - Stopped by Viktor Fasth without a rebound.
9:20 of 2nd period - Ryan Getzlaf wins face-off versus Brendan Gallagher in Predators zone.
9:21 of 2nd period - Wrist shot by Jason Pominville.
9:21 of 2nd period - Shot Blocked by Brendan Gallagher.
9:23 of 2nd period - Wrist shot by Ryan Getzlaf.
9:23 of 2nd period - Stopped by Viktor Fasth with a rebound.
9:25 of 2nd period - Slapshot by Brent Seabrook.
9:25 of 2nd period - Goal by Brent Seabrook - Predators : 0 - Capitals : 1.
9:26 of 2nd period - Joe Thornton wins face-off versus Mikael Granlund in neutral zone.
10:34 of 2nd period - Snap shot by T.J. Oshie.
10:34 of 2nd period - Shot Misses the Net.
10:36 of 2nd period - Slapshot by T.J. Oshie.
10:36 of 2nd period - Stopped by Viktor Fasth with a rebound.
10:57 of 2nd period - Slapshot by Thomas Vanek.
10:57 of 2nd period - Shot Misses the Net.
11:26 of 2nd period - Slapshot by James Van Riemsdyk.
11:26 of 2nd period - Shot Misses the Net.
11:28 of 2nd period - Snap shot by Andy Miele.
11:28 of 2nd period - Goal by Andy Miele - Predators : 1 - Capitals : 1.
11:29 of 2nd period - Mikael Granlund wins face-off versus Joe Thornton in neutral zone.
12:21 of 2nd period - Wrist shot by Mikko Koivu.
12:21 of 2nd period - Stopped by Viktor Fasth without a rebound.
12:22 of 2nd period - Mikko Koivu wins face-off versus Scott Laughton in Predators zone.
12:53 of 2nd period - Wrist shot by Joe Thornton.
12:53 of 2nd period - Shot Misses the Net.
12:55 of 2nd period - Minor Penalty to Alexander Ovechkin for Slashing.
12:56 of 2nd period - Adam Burish wins face-off versus Joe Thornton in Predators zone.
13:35 of 2nd period - Backhand shot by Jason Pominville.
13:35 of 2nd period - Deflect By Patrick Sharp.
13:35 of 2nd period - Stopped by Viktor Fasth with a rebound.
14:52 of 2nd period - Icing by Joe Pavelski.
14:53 of 2nd period - Joe Thornton wins face-off versus Justin Abdelkader in Capitals zone.
14:55 of 2nd period - Penalty to Alexander Ovechkin is over, Alexander Ovechkin is back on ice.
15:12 of 2nd period - Slapshot by Mikael Granlund.
15:12 of 2nd period - Stopped by Mike Smith with a rebound.
15:14 of 2nd period - Snap shot by Niclas Bergfors.
15:14 of 2nd period - Stopped by Mike Smith with a rebound.
15:36 of 2nd period - Minor Penalty to Nik Antropov for Roughing.
15:37 of 2nd period - Joe Thornton wins face-off versus Justin Abdelkader in Predators zone.
16:57 of 2nd period - Joe Pavelski is hit by Alexander Ovechkin and loses puck.
17:36 of 2nd period - Penalty to Nik Antropov is over, Nik Antropov is back on ice.
17:43 of 2nd period - Off-side.
17:44 of 2nd period - Mikko Koivu wins face-off versus Andy Miele in neutral zone.
17:54 of 2nd period - Snap shot by Andy Miele.
17:54 of 2nd period - Shot Misses the Net.
17:56 of 2nd period - Snap shot by James Van Riemsdyk.
17:56 of 2nd period - Stopped by Mike Smith without a rebound.
17:57 of 2nd period - Ryan Getzlaf wins face-off versus Mikael Granlund in Capitals zone.
18:04 of 2nd period - Nate Schmidt is hit by Jason Pominville and loses puck.
18:09 of 2nd period - Slapshot by Jason Pominville.
18:09 of 2nd period - Stopped by Viktor Fasth with a rebound.
18:11 of 2nd period - Snap shot by Ryan Getzlaf.
18:11 of 2nd period - Stopped by Viktor Fasth without a rebound.
18:12 of 2nd period - Joe Thornton wins face-off versus Nik Antropov in Predators zone.
18:45 of 2nd period - Slapshot by Alexander Edler.
18:45 of 2nd period - Shot Blocked by Patrick Sharp.
19:03 of 2nd period - Patrick Marleau is hit by Scott Laughton and loses puck.
19:52 of 2nd period - Off-side.
19:53 of 2nd period - Mikael Granlund wins face-off versus Ryan Getzlaf in neutral zone.
19:56 of 2nd period - Snap shot by Alexander Ovechkin.
19:56 of 2nd period - Stopped by Mike Smith with a rebound.
Goals for this period are 1 for Predators vs 1 for Capitals.
Shots for this period are 7 for Predators vs 15 for Capitals.

3rd period


0:01 of 3rd period - Joe Thornton wins face-off versus Niclas Bergfors in neutral zone.
0:26 of 3rd period - Nik Antropov is hit by Victor Hedman.
0:30 of 3rd period - Snap shot by Ryan Getzlaf.
0:30 of 3rd period - Stopped by Viktor Fasth without a rebound.
0:31 of 3rd period - Ryan Getzlaf wins face-off versus Nik Antropov in Predators zone.
0:46 of 3rd period - Wrist shot by Nik Antropov.
0:46 of 3rd period - Shot Misses the Net.
1:00 of 3rd period - Thomas Vanek is hit by Mikael Granlund and loses puck.
1:38 of 3rd period - Minor Penalty to Alexander Edler for Elbowing.
1:39 of 3rd period - Joe Thornton wins face-off versus Justin Abdelkader in Predators zone.
1:44 of 3rd period - Wrist shot by Joe Thornton.
1:44 of 3rd period - Stopped by Viktor Fasth without a rebound.
1:45 of 3rd period - Joe Thornton wins face-off versus Justin Abdelkader in Predators zone.
2:00 of 3rd period - Slapshot by Brent Seabrook.
2:00 of 3rd period - Deflect By Ryan Mcdonagh.
2:00 of 3rd period - Stopped by Viktor Fasth without a rebound.
2:01 of 3rd period - Joe Thornton wins face-off versus Justin Abdelkader in Predators zone.
2:04 of 3rd period - Slapshot by Thomas Vanek.
2:04 of 3rd period - Shot Blocked by Justin Abdelkader.
2:06 of 3rd period - Snap shot by Joe Pavelski.
2:06 of 3rd period - Shot Blocked by Adam Burish.
2:08 of 3rd period - Wrist shot by Victor Hedman.
2:08 of 3rd period - Deflect By Joe Pavelski.
2:08 of 3rd period - Shot Misses the Net.
2:08 of 3rd period - Puck is out of play.
2:09 of 3rd period - Joe Thornton wins face-off versus Justin Abdelkader in Predators zone.
2:36 of 3rd period - Wrist shot by Thomas Vanek.
2:36 of 3rd period - Shot Hit the Post.
2:38 of 3rd period - Wrist shot by Thomas Vanek.
2:38 of 3rd period - Stopped by Viktor Fasth with a rebound.
2:46 of 3rd period - Wrist shot by Joe Pavelski.
2:46 of 3rd period - Stopped by Viktor Fasth without a rebound.
2:47 of 3rd period - Ryan Getzlaf wins face-off versus Alexander Ovechkin in Predators zone.
3:38 of 3rd period - Penalty to Alexander Edler is over, Alexander Edler is back on ice.
4:16 of 3rd period - Ryan Murray is hit by Ondrej Palat and loses puck.
4:38 of 3rd period - Icing by Olli Maatta.
4:39 of 3rd period - Joe Thornton wins face-off versus Nik Antropov in Capitals zone.
5:18 of 3rd period - Slapshot by Byron Bitz.
5:18 of 3rd period - Stopped by Mike Smith with a rebound.
5:31 of 3rd period - Dmitri Kalinin is hit by Nick Leddy and loses puck.
5:46 of 3rd period - Snap shot by Joe Thornton.
5:46 of 3rd period - Stopped by Viktor Fasth with a rebound.
6:04 of 3rd period - Wrist shot by Jason Pominville.
6:04 of 3rd period - Deflect By Alexander Steen.
6:04 of 3rd period - Stopped by Viktor Fasth with a rebound.
6:29 of 3rd period - Icing by Brent Seabrook.
6:30 of 3rd period - Ryan Nugent-Hopkins wins face-off versus Adam Burish in Capitals zone.
6:39 of 3rd period - Snap shot by Scott Laughton.
6:39 of 3rd period - Stopped by Mike Smith with a rebound.
6:41 of 3rd period - Wrist shot by Scott Laughton.
6:41 of 3rd period - Stopped by Mike Smith without a rebound.
6:42 of 3rd period - Joe Thornton wins face-off versus Mikael Granlund in Capitals zone.
6:42 of 3rd period - Joe Thornton is hit by Alexander Ovechkin.
6:47 of 3rd period - Off-side.
6:48 of 3rd period - Mikael Granlund wins face-off versus Joe Thornton in neutral zone.
6:57 of 3rd period - Snap shot by Alexander Ovechkin.
6:57 of 3rd period - Goal by Alexander Ovechkin - Predators : 2 - Capitals : 1.
6:58 of 3rd period - Mikael Granlund wins face-off versus Joe Thornton in neutral zone.
7:03 of 3rd period - Snap shot by Niclas Bergfors.
7:03 of 3rd period - Shot Misses the Net.
7:16 of 3rd period - Minor Penalty to Niclas Bergfors for Hooking.
7:17 of 3rd period - Joe Thornton wins face-off versus Justin Abdelkader in Predators zone.
7:50 of 3rd period - Adam Burish is hit by Ryan Getzlaf.
8:18 of 3rd period - John Moore is hit by Patrick Sharp and loses puck.
8:32 of 3rd period - Icing by Ryan Suter.
8:33 of 3rd period - Justin Abdelkader wins face-off versus Joe Thornton in Capitals zone.
8:48 of 3rd period - Wrist shot by Jason Pominville.
8:48 of 3rd period - Shot Blocked by Ryan Mcdonagh.
9:16 of 3rd period - Penalty to Niclas Bergfors is over, Niclas Bergfors is back on ice.
9:35 of 3rd period - Snap shot by Alexander Ovechkin.
9:35 of 3rd period - Shot Misses the Net.
9:37 of 3rd period - Wrist shot by Nate Schmidt.
9:37 of 3rd period - Stopped by Mike Smith without a rebound.
9:38 of 3rd period - Nik Antropov wins face-off versus Ryan Getzlaf in Capitals zone.
10:03 of 3rd period - Nick Leddy is hit by Andy Miele and loses puck.
11:27 of 3rd period - Snap shot by Andy Miele.
11:27 of 3rd period - Shot Misses the Net.
11:49 of 3rd period - Wrist shot by Justin Abdelkader.
11:49 of 3rd period - Stopped by Mike Smith with a rebound.
12:43 of 3rd period - Wrist shot by Mikko Koivu.
12:43 of 3rd period - Stopped by Viktor Fasth without a rebound.
12:44 of 3rd period - Blake Wheeler wins face-off versus Andy Miele in Predators zone.
12:59 of 3rd period - Slapshot by Byron Bitz.
12:59 of 3rd period - Shot Misses the Net.
13:32 of 3rd period - Snap shot by Ryan Getzlaf.
13:32 of 3rd period - Stopped by Viktor Fasth without a rebound.
13:33 of 3rd period - Nik Antropov wins face-off versus Ryan Getzlaf in Predators zone.
14:09 of 3rd period - Snap shot by Niclas Bergfors.
14:09 of 3rd period - Shot Misses the Net.
14:24 of 3rd period - Icing by Nick Leddy.
14:25 of 3rd period - Scott Laughton wins face-off versus Mikko Koivu in Capitals zone.
14:28 of 3rd period - Snap shot by Alexander Edler.
14:28 of 3rd period - Deflect By Patrick Marleau.
14:28 of 3rd period - Stopped by Mike Smith without a rebound.
14:29 of 3rd period - Joe Thornton wins face-off versus Mikael Granlund in Capitals zone.
14:34 of 3rd period - Slapshot by Joe Pavelski.
14:34 of 3rd period - Deflect By Alexander Ovechkin.
14:34 of 3rd period - Stopped by Viktor Fasth with a rebound.
14:40 of 3rd period - Wrist shot by Mikael Granlund.
14:40 of 3rd period - Stopped by Mike Smith with a rebound.
14:42 of 3rd period - Slapshot by Ryan Mcdonagh.
14:42 of 3rd period - Shot Blocked by Brent Seabrook.
14:44 of 3rd period - Wrist shot by Alexander Ovechkin.
14:44 of 3rd period - Stopped by Mike Smith with a rebound.
14:46 of 3rd period - Backhand shot by Mikael Granlund.
14:46 of 3rd period - Shot Hit the Post.
14:56 of 3rd period - Nik Antropov is hit by Jason Pominville and loses puck.
15:21 of 3rd period - Wrist shot by Scott Laughton.
15:21 of 3rd period - Stopped by Mike Smith without a rebound.
15:22 of 3rd period - Mikko Koivu wins face-off versus Scott Laughton in Capitals zone.
15:22 of 3rd period - Mikko Koivu is hit by Scott Laughton.
15:32 of 3rd period - Snap shot by Adam Burish.
15:32 of 3rd period - Deflect By Justin Abdelkader.
15:32 of 3rd period - Shot Misses the Net.
15:32 of 3rd period - Puck is out of play.
15:33 of 3rd period - Andy Miele wins face-off versus Joe Thornton in Capitals zone.
15:48 of 3rd period - Snap shot by Joe Pavelski.
15:48 of 3rd period - Stopped by Viktor Fasth without a rebound.
15:49 of 3rd period - Mikko Koivu wins face-off versus Mikael Granlund in Predators zone.
15:50 of 3rd period - Wrist shot by Blake Wheeler.
15:50 of 3rd period - Shot Misses the Net.
16:00 of 3rd period - Snap shot by Mikael Granlund.
16:00 of 3rd period - Shot Blocked by Blake Wheeler.
16:02 of 3rd period - Snap shot by Alexander Ovechkin.
16:02 of 3rd period - Shot Misses the Net.
16:16 of 3rd period - Mikko Koivu is hit by Adam Burish and loses puck.
17:08 of 3rd period - Icing by Alexander Ovechkin.
17:09 of 3rd period - Joe Thornton wins face-off versus Mikael Granlund in Predators zone.
17:24 of 3rd period - Slapshot by Joe Thornton.
17:24 of 3rd period - Deflect By Thomas Vanek.
17:24 of 3rd period - Stopped by Viktor Fasth with a rebound.
18:05 of 3rd period - Off-side.
18:06 of 3rd period - Mikael Granlund wins face-off versus Mikko Koivu in neutral zone.
18:41 of 3rd period - Wrist shot by Alexander Ovechkin.
18:41 of 3rd period - Deflect By Mikko Koivu.
18:41 of 3rd period - Shot Misses the Net.
18:41 of 3rd period - Puck is out of play.
18:42 of 3rd period - Joe Thornton wins face-off versus James Van Riemsdyk in Capitals zone.
18:49 of 3rd period - Capitals, Mike Smith is pulled from the net.
18:49 of 3rd period - Slapshot by Nick Leddy.
18:49 of 3rd period - Shot Misses the Net.
19:23 of 3rd period - Snap shot by Brendan Gallagher.
19:23 of 3rd period - Deflect By Andy Miele.
19:23 of 3rd period - Goal by Andy Miele - Predators : 3 - Capitals : 1.
19:23 of 3rd period - Mike Smith from Capitals was sent back in the game.
19:24 of 3rd period - Mikko Koivu wins face-off versus Scott Laughton in neutral zone.
19:37 of 3rd period - Wrist shot by Justin Abdelkader.
19:37 of 3rd period - Shot Blocked by Blake Wheeler.
19:39 of 3rd period - Snap shot by Justin Abdelkader.
19:39 of 3rd period - Stopped by Mike Smith with a rebound.
19:51 of 3rd period - Alexander Edler is hit by Victor Hedman and loses puck.
Goals for this period are 2 for Predators vs 0 for Capitals.
Shots for this period are 12 for Predators vs 12 for Capitals.